[Event "Chessable English Open-ch 2022"]
[Site "Kenilwoth"]
[Date "2022.05.22"]
[Round "7.11"]
[White "Duncan, Patrick C M"]
[Black "Zheng, Harry Z"]
[Result "1-0"]
[ECO "A01"]
[WhiteElo "2013"]
[BlackElo "1915"]
[Annotator "TA"]
[PlyCount "123"]
[EventDate "2022.05.18"]
[EventType "swiss"]
[EventCountry "ENG"]
[SourceTitle "playchess.com"]
[Source "ChessBase"]
[SourceQuality "1"]
[TimeControl "5400+30"]

1. b3 e5 2. Bb2 Nc6 3. e3 Nf6 4. Nf3 Bd6 5. d4 exd4 6. exd4 {[%emt 0:00:18] A01: Nimzowitsch-Larsen Opening.} O-O 7. Be2 Re8 8. O-O {[%emt 0:00:42] The position is equal.} Bf8 9. d5 {[%emt 0:00:49] [#]} Nb4 $146 ({Predecessor:} 9... Nxd5 10. Qxd5 Rxe2 11. Ng5 Ne5 12. Nxh7 Kxh7 13. Bxe5 Kg8 14. Nc3 Rxe5 15. Qxe5 c6 {1-0 (45) Noritsyn,N (2512)-Girinath,P (2361) Chess.com INT 2022}) 10. c4 a5 11. a3 Na6 12. Bd3 d6 13. h3 Bd7 14. Bc2 g6 15. Nc3 Bg7 16. Qd2 Qc8 17. Kh2 Bf5 18. Rfe1 Bxc2 19. Rxe8+ Qxe8 20. Qxc2 Nd7 21. Re1 Ne5 22. Nxe5 Bxe5+ 23. Kh1 Qd7 (23... Qd8 $14) 24. f4 (24. Ne4 $16 {Black must now prevent Bxe5.} Qe7 25. c5) 24... Bxf4 (24... Bg7 $14) 25. Ne4 $18 {[%emt 0:01:03] [#] Intending Nf6+ and mate.} Kf8 26. Nf6 (26. Qc3 Be5 27. Qc1 Kg7 $11) 26... Qf5 27. Nxh7+ (27. Qe2 $142 {Qe7+ would kill now.} Be5 28. Bxe5 dxe5 29. Rf1) 27... Kg8 28. Nf6+ ({Don't blunder} 28. Qc3 $2 Be5 29. Qd2 Bxb2 30. Qxb2 Kxh7 $19) 28... Kf8 (28... Kh8 $142 29. Ng4+ Be5 30. Qxf5 gxf5) 29. Qxf5 $2 (29. Qe2) 29... gxf5 30. Rf1 Be5 31. Bxe5 dxe5 {[%emt 0:00:09][%mdl 4096] Endgame KRN-KRN} 32. Nd7+ Ke7 33. Nxe5 Kf6 34. Nd3 {[%emt 0:00:38] White is more active.} Re8 35. Rf3 ({Reject} 35. g4 $6 Re3 36. Rxf5+ Kg7 $14) 35... Kg5 36. Kh2 Re2 (36... Re4 $16 37. Nf2 Rd4) 37. Kg3 Re4 38. a4 Rd4 39. Kf2 Re4 (39... f4 $16 {was called for.} 40. h4+ Kxh4) 40. g3 Rd4 (40... b6 {might work better.} 41. Re3 Rd4) 41. Re3 Re4 (41... Kf6 {was worth a try.} 42. Rf3 b6) 42. Kf3 Rd4 43. Ke2 Kf6 44. Rf3 {[%emt 0:02:46] Strongly threatening g4.} Kg5 {[%emt 0:00:48] Prevents g4.} (44... Re4+ $142 45. Kd2 Kg6) 45. Rf4 Rxf4 (45... Re4+ 46. Kf3 Re8 47. h4+ Kg6) 46. gxf4+ {[%emt 0:00:22] KN-KN} ({Less strong is} 46. Nxf4 Nc5 47. Nd3 Nxb3 $16) 46... Kh4 47. c5 {[%emt 0:01:17] [#] Threatens to win with d6.} Nb8 48. d6 cxd6 49. cxd6 Kg3 50. Ke3 {[%emt 0:00:47] Ne5 is the strong threat.} Nc6 51. d7 f6 52. Nb2 Nd8 53. Nc4 Ne6 54. Nxa5 {[%emt 0:00:30] White mates.} Nxf4 55. d8=Q Ng2+ 56. Ke2 f4 57. Qxf6 Nh4 58. Qg5+ Kh2 59. Qxh4 Kg1 60. Qf2+ Kh1 61. Kf1 f3 62. Qg1# {[%emt 0:00:08] Weighted Error Value: White=0.31/Black=0.38} 1-0

[Event "Chessable English Open-ch 2022"]
[Site "Kenilwoth"]
[Date "2022.05.22"]
[Round "7.12"]
[White "Hepworth, Peter"]
[Black "Herring, Samuel"]
[Result "0-1"]
[ECO "D04"]
[WhiteElo "1843"]
[BlackElo "1900"]
[Annotator "TA"]
[PlyCount "134"]
[EventDate "2022.05.18"]
[EventType "swiss"]
[EventCountry "ENG"]
[SourceTitle "playchess.com"]
[Source "ChessBase"]
[SourceQuality "1"]
[TimeControl "5400+30"]

1. d4 d5 2. Nf3 Nf6 3. e3 c5 4. b3 cxd4 5. exd4 Nc6 6. Be2 {[%emt 0:01:15] D04: Colle System.} Bf5 7. a3 e6 8. O-O {[%emt 0:00:17] The position is equal.} Bd6 9. c4 O-O 10. c5 Bc7 11. b4 e5 (11... Ne4 $11) 12. dxe5 $14 Nxe5 {[%emt 0:01:15] [#]} 13. Nd4 $146 ({Predecessor:} 13. Nbd2 Nd3 14. Bxd3 Bxd3 15. Re1 Ne4 16. Bb2 Re8 17. Nb3 Bc4 18. Qd4 Qf6 19. Qxf6 Nxf6 {0-1 (69) Beckers,P (1600)-Krukowski,M (1932) Brasschaat 2003}) 13... Qd7 14. f3 ({Better is} 14. Nc3 $14) 14... a6 (14... a5 $11) 15. Nc3 ({White should try} 15. Bg5 $14) 15... Nc4 16. Bd3 Bg6 17. Bxg6 hxg6 18. Nce2 (18. Ra2 $11) 18... Rfe8 $15 19. Qd3 b6 20. c6 Qe7 21. Ra2 b5 22. g3 Bb6 23. Kg2 Rac8 24. Rc2 ({Of course not} 24. Bf4 Nh5 25. Bc1 Ne5 $17) 24... Kf8 25. g4 Ne3+ (25... Qa7 $15) 26. Bxe3 $11 Qxe3 27. Qxe3 (27. Qd2 $11 {keeps the balance.}) 27... Rxe3 $17 28. Ra1 $2 {[%emt 0:04:28] Now White is beyond hope.} (28. Rd2 $17) 28... Rd3 $19 29. a4 (29. Rc5 $142) 29... Bxd4 30. axb5 axb5 31. Ra5 Ke7 {[%emt 0:01:45] And now ...Be3 would win.} 32. g5 (32. Nxd4 {was called for.} Rxd4 33. Rxb5) 32... Nh5 33. Nxd4 Rxd4 34. Ra7+ Ke6 35. Re2+ Kf5 {[%emt 0:02:49] [#] Strongly threatening ...Nf4+.} 36. Rxf7+ Kxg5 {[%emt 0:00:14] White must now prevent ...Nf4+.} 37. Re5+ Kh6 38. c7 Nf6 39. Ree7 Rxb4 40. Rxg7 Rc4 41. Rgf7 Rc6 42. f4 b4 43. Re3 R8xc7 44. Rf8 Rc2+ 45. Kg3 Nh5+ 46. Kf3 R2c3 {[%emt 0:00:34] [#] ( -> ...d4)} 47. Rb8 Rxe3+ 48. Kxe3 {[%emt 0:00:05][%mdl 4096] Endgame KRN-KR} Rc4 49. Rb5 Nxf4 {[%emt 0:00:24] Black mates.} 50. h4 Re4+ 51. Kf3 Kh5 52. Kg3 g5 53. hxg5 Kxg5 54. Kf3 Rc4 55. Ke3 Kf5 56. Rb8 Re4+ 57. Kd2 Ke5 58. Rb7 Rc4 59. Rb8 Kd4 60. Rb7 Ne6 61. Rb8 Nc5 62. Rb6 Ne4+ 63. Kd1 Kc3 64. Rh6 d4 65. Rh2 Kb3 66. Rh4 Nc5 67. Rh2 Ka3 {[%emt 0:00:19] Weighted Error Value: White=0.55/Black=0.27 (precise)} 0-1

[Event "Chessable English Open-ch 2022"]
[Site "Kenilwoth"]
[Date "2022.05.22"]
[Round "7.13"]
[White "Shenbagakumar, Gautham"]
[Black "Wells, Daniel J"]
[Result "0-1"]
[ECO "B33"]
[WhiteElo "1700"]
[BlackElo "2020"]
[Annotator "TA"]
[PlyCount "136"]
[EventDate "2022.05.18"]
[EventType "swiss"]
[EventCountry "ENG"]
[SourceTitle "playchess.com"]
[Source "ChessBase"]
[SourceQuality "1"]
[TimeControl "5400+30"]

1. e4 c5 2. Nf3 Nc6 3. d4 cxd4 4. Nxd4 Nf6 5. Nc3 e5 6. Ndb5 d6 7. Bg5 a6 8. Na3 b5 9. Nd5 Be7 10. Bxf6 Bxf6 11. c4 b4 {[%emt 0:00:28] B33: Sicilian: Pelikan and Sveshnikov Variations.} 12. Nc2 O-O $1 {[%emt 0:00:08][%mdl 4] is now more promising than 12...a5.} 13. g3 Bg5 {[%emt 0:00:46] The position is equal.} 14. Bg2 (14. Ndxb4 Nxb4 15. Nxb4 Qb6 $17) 14... a5 15. O-O Be6 16. b3 Bxd5 17. Qxd5 Qb6 {[%emt 0:00:41] [#]} 18. Kh1 $146 ({But not} 18. Qxd6 $2 Rfd8 19. Qd5 (19. c5 $2 Qb5 $19) 19... Rxd5 $19) ({Predecessor:} 18. h4 Bh6 19. Bh3 Rfd8 20. Rfd1 Rab8 21. Kg2 Ne7 22. Qd3 g6 23. a3 Nc6 24. axb4 Nxb4 25. Nxb4 Qxb4 {1-0 (54) Kravtsiv,M (2602)-Venkatesh,M (2499) Chennai 2012}) 18... a4 19. Qd3 axb3 20. axb3 Rxa1 21. Rxa1 Qxf2 22. Ra6 Nd4 23. Nxd4 exd4 24. Rxd6 $2 {[%emt 0:05:23] [#]} (24. Qf3 $1 $15 Qe1+ 25. Bf1) 24... Be3 $2 (24... Ra8 $1 $19 {[%cal Ra8a1] ( -> ...Ra1+)} 25. Qb1 (25. Qf1 $2 Qb2 $19) 25... Ra2) 25. Qd1 g6 26. e5 Qf5 27. Rd5 Re8 28. g4 (28. Qf3 $11) 28... Qf4 {[%emt 0:01:35] Black is more active.} 29. c5 Rxe5 $40 {[%emt 0:01:08][%mdl 128] Black attacks.} 30. c6 Rxd5 31. Bxd5 $15 {[%emt 0:00:01][%mdl 4096] Endgame KQB-KQB} Kg7 32. Bg2 (32. Qf3 $11 {remains equal.}) 32... Qd6 {[%emt 0:00:52] Black converts the advantage convincingly.} 33. Qd3 (33. Be4 $1 $15) 33... Bf4 34. h3 Qc5 {[%emt 0:00:14] [#] Strongly threatening ...Qc1+.} 35. Qf1 (35. Be4 $17) 35... Bc7 36. Be4 $2 (36. Qd3 {was called for.}) 36... Qe5 $19 37. Qg2 {[%emt 0:00:01] Inhibits Qh2+.} Qf4 {[%emt 0:00:14] White must now prevent ...Qc1+.} 38. Bd3 Kf6 $2 (38... Qe3 $19 {is more deadly.} 39. Be2 d3) 39. g5+ $2 (39. Kg1 $17 {was necessary.}) 39... Qxg5 40. Qf2+ Qf4 ({Worse is} 40... Ke7 41. Bc4 Qf4 42. Qxf4 Bxf4 43. Kg1 $17) 41. Qxf4+ Bxf4 {[%emt 0:00:02] KB-KB} 42. Kg2 Bd6 43. Bc4 Ke7 44. Kf3 f5 45. h4 $2 (45. Bf1 g5 46. Ke2) 45... Kf6 46. Bg8 h6 {[%emt 0:00:11] Threatens to win with ...g5.} 47. Bc4 g5 {[%emt 0:00:07] And now ...g4+ would win.} 48. hxg5+ hxg5 49. Bd3 g4+ {[%emt 0:00:15] Black mates.} 50. Ke2 Ke5 51. Kf2 f4 52. Kg2 Kf6 53. Bc4 f3+ 54. Kf2 Kg5 55. Bd3 Kf4 56. Bc2 g3+ 57. Kg1 Ke3 58. Kf1 g2+ 59. Kg1 Ke2 60. Bd3+ Kxd3 61. c7 Bxc7 {[%emt 0:00:03] KB-KP} 62. Kf2 Kc3 63. Kg1 d3 64. Kf2 d2 65. Ke3 g1=Q+ 66. Kxf3 d1=Q+ 67. Ke4 Qgg4+ 68. Ke3 Qgf3# {[%emt 0:05:24] Weighted Error Value: White=0.64/Black=0.25 (precise)} 0-1

[Event "Chessable English Open-ch 2022"]
[Site "Kenilwoth"]
[Date "2022.05.22"]
[Round "7.14"]
[White "Kumar, Soham"]
[Black "Shearsby, Jude"]
[Result "1/2-1/2"]
[ECO "B90"]
[WhiteElo "1678"]
[BlackElo "1849"]
[Annotator "NA RC COMBH"]
[PlyCount "97"]
[EventDate "2022.05.18"]
[EventType "swiss"]
[EventCountry "ENG"]
[SourceTitle "playchess.com"]
[Source "ChessBase"]
[SourceQuality "1"]
[TimeControl "5400+30"]

1. e4 c5 2. Nf3 d6 3. d4 cxd4 4. Nxd4 Nf6 5. Nc3 a6 6. Be3 e5 7. Nb3 Be7 8. f3 Be6 9. Qd2 h5 10. Be2 Nbd7 11. a4 O-O 12. O-O Rc8 13. Rfd1 Qc7 14. Rac1 Nb6 15. a5 Nc4 16. Bxc4 Qxc4 17. Qd3 Rfd8 18. Bb6 Rd7 19. Nd5 Nxd5 20. exd5 Qxd3 21. Rxd3 Bf5 22. Rc3 Rxc3 23. bxc3 Bg5 24. Re1 Bxc2 25. Na1 Bg6 26. Nb3 Bd8 27. c4 Bc2 28. Re3 Bxb6 29. axb6 Bxb3 30. Rxb3 Rd8 31. Kf2 Rc8 32. Rb4 Kf8 33. Ke3 Ke7 34. Kd3 f5 35. h3 g5 36. Rb1 Rf8 37. Rh1 Kd7 38. Ke3 a5 39. Ra1 Ra8 40. g4 hxg4 41. hxg4 a4 42. Rh1 Ke7 43. Rh7+ Kf6 44. Rxb7 a3 45. Ra7 Rb8 46. b7 a2 47. Rxa2 Rxb7 48. Ra3 Rb6 49. Rc3 1/2-1/2

[Event "Chessable English Open-ch 2022"]
[Site "Kenilwoth"]
[Date "2022.05.22"]
[Round "7.15"]
[White "Pert, Max"]
[Black "Watson, Jacob"]
[Result "0-1"]
[ECO "D27"]
[WhiteElo "1634"]
[BlackElo "1922"]
[Annotator "TA"]
[PlyCount "114"]
[EventDate "2022.05.18"]
[EventType "swiss"]
[EventCountry "ENG"]
[SourceTitle "playchess.com"]
[Source "ChessBase"]
[SourceQuality "1"]
[TimeControl "5400+30"]

1. d4 d5 2. Nf3 Nf6 3. c4 dxc4 4. e3 e6 5. Bxc4 a6 6. Bb3 c5 7. O-O Nc6 8. Qe2 Qc7 {[%emt 0:01:06] [#]} 9. Nbd2 $146 {[%emt 0:00:00] D27: Queen's Gambit Accepted: Classical main line: 7 e4!? and 7 a4.} ({Predecessor:} 9. Nc3 Bd6 10. Rd1 O-O 11. h3 Rd8 12. dxc5 Bxc5 13. Rxd8+ Qxd8 14. e4 Nd4 15. Qd1 Nxf3+ 16. Qxf3 Bd7 {½-½ (84) Shulman,Y (2632)-Nakamura,H (2701) Saint Louis 2009}) 9... Be7 10. dxc5 Bxc5 11. Rd1 {[%emt 0:00:00] The position is equal.} O-O 12. Nf1 e5 13. Ng3 (13. h3 $11 {keeps the balance.}) 13... e4 $1 $17 14. Nd2 (14. Nd4 $15) 14... Re8 $2 (14... Bg4 $17 15. f3 exf3 16. gxf3 Be6) 15. h3 $11 Bd6 16. Ndf1 Be6 17. Bxe6 Rxe6 18. Bd2 Be5 19. Be1 Qb6 20. Rac1 Rae8 (20... Bxb2 $2 21. Rb1 $18) 21. Bc3 g6 22. b3 h5 23. Qb2 Qb5 24. a4 Bxc3 25. Qxc3 Qg5 26. Ne2 Re5 (26... Nd5 $11 27. Qd2 Rd8) 27. Nf4 (27. Nd4 $1 $16) 27... Nd5 28. Nxd5 Rxd5 29. Ng3 h4 $36 {[%emt 0:03:31][%mdl 2048] Black is more active.} 30. Ne2 Red8 31. Rxd5 Qxd5 32. Qc4 (32. Nf4 $11 Qe5 33. Qc2) 32... g5 {[%emt 0:04:51] Black is more active.} (32... Qxc4 $17 33. bxc4 Rd2) 33. Qxd5 Rxd5 {[%emt 0:00:06][%mdl 4096] Endgame KRN-KRN} 34. Nc3 Rc5 35. Ne2 Rxc1+ 36. Nxc1 $15 {[%emt 0:00:00] KN-KN} Kg7 37. Kf1 Kf6 38. Ke2 Ke5 39. Kd2 (39. g3 $11) 39... f5 (39... Nb4 $17) 40. Kc3 ({Better is} 40. Ne2 $15) 40... Kd5 (40... a5 $1 $17) 41. Ne2 b5 42. axb5 axb5 43. b4 (43. g3 $11 {remains equal.}) 43... Ke5 $17 44. Kb3 {[%emt 0:00:00] [#]} f4 $1 45. Ng1 {[%emt 0:00:00][%mdl 8192] Prevents f3. White does not recover from this.} (45. exf4+ $15 gxf4 46. Kc3) 45... Ne7 $19 46. exf4+ gxf4 {[%emt 0:00:13] Hoping for ...Nd5.} 47. Ne2 {[%emt 0:00:00] [#]} Nd5 $1 {[%emt 0:00:52] White must now prevent ...f3.} 48. Nc3 Nxc3 {[%emt 0:00:42] Black mates.} 49. Kxc3 {[%emt 0:00:00] KP-KP} Kd5 50. f3 e3 51. Kd3 e2 52. Kxe2 Kc4 53. g4 fxg3 54. f4 Kxb4 55. f5 Kc5 56. f6 Kd6 57. f7 Ke7 {[%emt 0:00:02] Weighted Error Value: White=0.53/Black=0.19 (very precise)} 0-1